AoeStats
← Trace9226

Arabia

503389653Analyzed
1v1 RM · 1mo ago on Aug 31, 2026· 37m 22s· 2 players
Game mode
Random Map
Map size
Tiny (2 player)
Population
200
Speed
Normal
Resources
Standard
Victory
Conquest
Starting age
Dark Age
Ending age
Imperial Age
RankedLock teamsTeams togetherTeam positionsShared explorationLock speedFull tech treeHidden civsTurbo modeCheats
Victory
Defeat
🇻🇳 Vietnamese · Vietnam
1016
+15
🇨🇿 Sicilians · Czechia
993
-15
Trace9226
2:54 Loom
11:50 Feudal Age
12:11 Horse Collar
14:36 Double-Bit Axe
15:18 Fletching
17:26 Padded Archer Armor
28:38 Scale Mail Armor
35:54 Wheelbarrow
Eagle In the Rain
3:56 Loom
11:46 Feudal Age
17:37 Forging
18:58 Fletching
20:45 Padded Archer Armor
22:48 Scale Barding Armor
23:57 Bloodlines
27:37 Double-Bit Axe
31:48 Castle Age
32:04 Crossbowman
34:02 Iron Casting
33:43 Leather Archer Armor
33:42 Husbandry
37:36 Bodkin Arrow
Connection lost

Rejoining the realm…

Still unreachable

The connection could not be restored.

Session expired

The server has moved on; the page needs a fresh start.